AoeStats
← istorm

Nomad

504868264Analyzed
4v4 RM · 24d ago on Sep 6, 2026· 38m 2s· 8 players
Game mode
Random Map
Map size
231×231
Population
200
Speed
Normal
Resources
Standard
Victory
Conquest
Starting age
Dark Age
Ending age
Imperial Age
RankedLock teamsTeams togetherTeam positionsShared explorationLock speedFull tech treeHidden civsTurbo modeCheats
Victory
Defeat
🇬🇧 Dravidians · United Kingdom
1516
+15
🇦🇷 Japanese · Argentina
1508
+15
🇲🇽 Bengalis · Mexico
1473
+17
🇨🇳 Mongols · China
1430
+18
🇧🇷 Spanish · Brazil
1539
-19
🇧🇷 Italians · Brazil
1516
-17
🇧🇷 Koreans · Brazil
1461
-15
🇧🇷 Mongols · Brazil
1428
-14
Josh
4:58 Loom
13:05 Feudal Age
13:33 Double-Bit Axe
14:34 Fishing Lines
22:44 Castle Age
22:22 Fletching
22:33 Padded Archer Armor
23:36 Bow Saw
23:24 Gillnets
25:40 Fervor
27:50 Wheelbarrow
27:02 Town Watch
32:00 Sanctity
32:47 Hand Cart
32:33 Town Patrol
32:29 Gold Mining
33:52 Redemption
34:19 Atonement
38:57 Imperial Age
enzoyin68
6:35 Loom
13:51 Feudal Age
17:38 Castle Age
16:12 Stone Mining
16:36 Double-Bit Axe
18:07 Fishing Lines
18:21 Fletching
18:23 Town Watch
19:16 Bodkin Arrow
21:41 Bow Saw
22:06 Padded Archer Armor
24:04 Gillnets
24:44 Horse Collar
26:09 Wheelbarrow
29:41 Ballistics
30:05 Leather Archer Armor
31:01 Husbandry
31:19 Bloodlines
37:19 Imperial Age
35:13 Heavy Plow
35:24 Thumb Ring
36:24 Hand Cart
38:37 Conscription
39:21 Chemistry
darkwwww2015
4:13 Loom
5:05 Loom
14:07 Feudal Age
14:36 Double-Bit Axe
14:43 Gold Mining
16:50 Forging
18:51 Castle Age
19:49 Medium Warships
21:11 Wheelbarrow
23:04 Clinker Construction
23:26 Bow Saw
24:04 Careening
24:36 Fishing Lines
25:20 Hand Cart
24:50 Town Watch
25:02 Stone Mining
26:23 Gillnets
26:45 Siphons
27:57 Horse Collar
28:55 Fletching
29:07 Padded Archer Armor
32:20 Imperial Age
29:47 Bodkin Arrow
29:20 Elite Skirmisher
30:34 Thumb Ring
33:25 Bracer
33:41 Leather Archer Armor
35:21 Squires
34:43 Pikeman
37:16 Ring Archer Armor
36:47 Scale Mail Armor
36:10 Man-at-Arms
38:13 Ballistics
38:54 Chemistry
istorm
5:05 Loom
13:54 Feudal Age
14:31 Town Watch
14:33 Double-Bit Axe
17:19 Fletching
22:20 Castle Age
34:50 Fishing Lines
35:32 Bow Saw
35:53 Gillnets
37:27 Wheelbarrow
GAX | B.Trufa
8:07 Loom
12:44 Feudal Age
13:40 Double-Bit Axe
23:47 Castle Age
37:26 Horse Collar
GAX | SUPERBOY
4:16 Loom
13:07 Feudal Age
13:56 Double-Bit Axe
15:41 Fletching
23:19 Castle Age
21:27 Gold Mining
24:10 Bodkin Arrow
32:43 Wheelbarrow
32:55 Bow Saw
32:28 Horse Collar
34:46 Town Watch
36:50 Hand Cart
40:08 Imperial Age
38:44 Ballistics
GAX | Vini_Boy
4:49 Loom
13:40 Feudal Age
18:21 Castle Age
18:12 Double-Bit Axe
18:09 Horse Collar
21:02 Bow Saw
21:50 Fletching
27:40 Bodkin Arrow
28:34 Heavy Plow
29:39 Devotion
32:11 Wheelbarrow
34:04 Gold Mining
34:04 Stone Mining
34:47 Town Watch
GAX | Lux
5:02 Loom
13:33 Feudal Age
17:05 Fletching
19:03 Double-Bit Axe
19:11 Gold Mining
23:08 Castle Age
21:06 Horse Collar
21:28 Fishing Lines
24:05 Medium Warships
25:21 Bow Saw
25:04 Stone Mining
25:15 Heavy Plow
31:14 Padded Archer Armor
33:39 Husbandry
34:24 Leather Archer Armor
35:22 Bloodlines
36:03 Bodkin Arrow
37:42 Wheelbarrow
Connection lost

Rejoining the realm…

Still unreachable

The connection could not be restored.

Session expired

The server has moved on; the page needs a fresh start.